Map: Miasto szlamu

Players

Puls

  • Race: Protoss Protoss
  • Spawn Location: 11:00

Simon

  • Race: Zerg Zerg
  • Spawn Location: 9:00

Gracz

  • Race: Terran Terran
  • Spawn Location: 5:00

Servietsky

  • Race: Zerg Zerg
  • Spawn Location: 5:00

VOD

Have the link to the VOD?

Description

Time

  • Played on: Feb. 22, 2016, 3:03 p.m.
  • Length: 20:00
Show
View Real Time Build Order
Export as new Build Order

Puls Protoss 

Build Orders:  

Get SALT Encoding   

  12  0:05  Probe (Chrono Boost)  
  13  0:16  Probe (Chrono Boost)  
  14  0:26  Probe (Chrono Boost)  
  14  0:27  Pylon  
  15  0:46  Forge  
  15  0:55  Pylon  
  15  1:05  Gateway  
  15  1:10  Probe (Chrono Boost)  
  16  1:19  Assimilator  
  16  1:27  Photon Cannon  
  16  1:39  Probe (Chrono Boost)  
  17  1:49  Probe (Chrono Boost)  
  18  1:55  Cybernetics Core  
  18  1:58  Photon Cannon  
  18  2:00  Probe (Chrono Boost)  
  19  2:06  Assimilator  
  19  2:10  Probe (Chrono Boost)  
  20  2:40  Stargate  
  20  2:53  Nexus  
  20  3:11  Photon Cannon  
  20  3:29  Fleet Beacon  
  20  4:02  Pylon  
  20  4:04  Pylon  
  20  4:06  Probe (Chrono Boost)  
  21  4:17  Probe (Chrono Boost)  
  22  4:26  Tempest (Chrono Boost), Probe (Chrono Boost)  
  27  4:36  Probe  
  28  4:41  Assimilator  
  28  4:46  Probe  
  29  4:57  Probe  
  30  5:04  Tempest (Chrono Boost)  
  34  5:07  Probe  
  35  5:18  Probe  
  36  5:34  Protoss Shields Level 1  
  36  6:21  Tempest (Chrono Boost)  
  40  6:26  Protoss Air Weapons Level 1  
  40  6:59  Tempest (Chrono Boost)  
  44  8:06  Tempest (Chrono Boost)  
  48  8:14  Pylon  
  48  8:18  Pylon  
  48  8:22  Probe  
  48  8:25  Pylon  
  49  8:29  Mothership Core  
  49  8:32  Probe  
  52  8:43  Probe  
  52  8:44  Tempest (Chrono Boost)  
  52  8:47  Photon Cannon  
  57  8:49  Pylon  
  57  8:53  Pylon, Probe  
  58  9:07  Protoss Air Armor Level 1  
  58  9:21  Tempest (Chrono Boost)  
  58  9:23  Twilight Council  
  62  9:58  Tempest (Chrono Boost)  
  76  10:35  Tempest (Chrono Boost)  
  76  10:49  Protoss Shields Level 2  
  76  11:01  Protoss Air Weapons Level 2 (Chrono Boost)  
  76  11:04  Assimilator, Probe  
  77  11:13  Tempest (Chrono Boost)  
  77  11:15  Probe  
  82  11:25  Probe  
  83  11:36  Probe  
  84  11:50  Tempest (Chrono Boost)  
  88  12:26  Tempest (Chrono Boost)  
  92  13:08  Tempest  
  92  13:11  Protoss Air Armor Level 2 (Chrono Boost)  
  96  13:23  Protoss Shields Level 3 (Chrono Boost)  
  96  13:51  Tempest  
  99  14:52  Tempest  
  85  15:24  Protoss Air Weapons Level 3  
  85  15:38  Pylon  
  85  15:55  Pylon  
  85  15:56  Tempest  
  89  15:58  Pylon  
  89  16:04  Photon Cannon x2  
  89  16:07  Photon Cannon  
  89  16:09  Photon Cannon  
  89  16:10  Photon Cannon  
  89  16:15  Photon Cannon  
  89  16:17  Photon Cannon  
  89  16:22  Photon Cannon  
  89  16:35  Probe  
  89  16:39  Tempest  
  94  16:47  Probe  
  95  16:59  Probe  
  96  17:21  Tempest  
  100  17:41  Pylon  
  100  17:44  Pylon  
  100  17:48  Pylon  
  100  17:58  Pylon  
  100  18:00  Pylon  
  100  18:04  Tempest  
  104  18:47  Tempest  
Show
View Real Time Build Order
Export as new Build Order

Simon Zerg 

Build Orders: Pool First 

Get SALT Encoding   

  12  0:12  Drone x2  
  14  0:33  Overlord x2  
  14  0:52  Drone  
  14  0:54  Drone  
  16  1:00  Extractor  
  15  1:04  Spawning Pool  
  15  1:05  Drone  
  15  1:13  Drone  
  16  1:23  Evolution Chamber  
  16  1:25  Drone  
  16  1:30  Drone  
  17  1:51  Queen  
  19  1:54  Drone x2  
  21  2:04  Spine Crawler  
  20  2:09  Spine Crawler  
  20  2:14  Extractor  
  18  2:36  Hatchery  
  17  2:53  Drone x3  
  20  3:19  Lair  
  20  3:21  Drone x2  
  22  3:41  Drone x2  
  22  3:42  Drone x3  
  27  3:54  Overlord  
  27  3:56  Queen  
  29  4:03  Overlord x2  
  29  4:13  Drone  
  29  4:16  Drone  
  31  4:31  Spine Crawler  
  31  4:32  Spine Crawler  
  29  4:39  Drone x2  
  29  4:43  Drone  
  29  4:44  Drone x4  
  36  4:51  Extractor  
  35  4:53  Extractor, Drone x2  
  36  5:00  Drone x2  
  38  5:19  Drone x3  
  38  5:20  Drone  
  42  5:35  Zergling x6  
  41  6:09  Zergling x10  
  40  6:25  Drone x2  
Show
View Real Time Build Order
Export as new Build Order

Gracz Terran 

Build Orders:  

Get SALT Encoding   

  12  0:13  Supply Depot  
  12  0:27  Supply Depot  
  12  0:31  Supply Depot  
  12  0:41  SCV  
  13  0:53  Supply Depot, SCV  
  14  1:05  SCV  
  15  1:17  Supply Depot  
  15  1:18  SCV  
  16  1:22  Supply Depot  
  16  1:48  Supply Depot  
  16  1:50  Supply Depot  
  16  1:55  Supply Depot  
  16  2:08  Supply Depot  
  16  2:10  Supply Depot  
  16  2:13  Supply Depot  
  16  2:21  Supply Depot  
  16  2:32  Supply Depot  
  16  2:42  Supply Depot  
  16  2:51  Supply Depot  
  16  2:58  Supply Depot  
  16  3:09  Supply Depot  
  16  3:18  Supply Depot  
  16  3:27  Supply Depot  
  16  3:36  Supply Depot  
  16  3:40  SCV  
  17  3:46  Supply Depot  
  17  4:00  Supply Depot  
  17  4:06  Supply Depot  
  17  4:10  Supply Depot  
  17  4:20  Supply Depot  
  17  4:34  Supply Depot  
  17  4:36  Supply Depot  
  17  4:44  Supply Depot  
  17  5:00  Supply Depot  
  17  5:03  Supply Depot  
  17  5:08  Supply Depot  
  17  5:46  Supply Depot  
  17  5:49  Supply Depot x2  
  17  5:55  Supply Depot  
  17  5:58  Supply Depot  
  17  6:01  Supply Depot  
  17  6:02  Supply Depot  
  17  6:20  Supply Depot  
  17  6:23  Supply Depot  
  17  6:29  Supply Depot  
  17  6:40  Supply Depot  
  17  6:51  Supply Depot  
  17  7:02  Supply Depot  
  17  7:27  Supply Depot  
  17  7:29  Supply Depot  
  17  7:43  Supply Depot  
  17  7:48  Supply Depot  
  17  7:59  Supply Depot x2  
  17  8:04  Supply Depot  
  17  8:11  Supply Depot  
  17  8:13  Supply Depot  
  17  8:31  Supply Depot  
  17  8:34  Supply Depot  
  17  8:51  Supply Depot  
  17  8:57  Supply Depot  
  17  9:02  Supply Depot  
  17  9:07  Supply Depot  
  17  9:17  Supply Depot  
  17  9:22  Supply Depot  
  17  9:28  Supply Depot  
  17  9:34  Supply Depot  
  17  9:43  Supply Depot  
  17  10:05  Supply Depot  
  17  10:08  Supply Depot  
  17  10:11  Supply Depot  
  17  10:17  Supply Depot  
  17  10:32  Supply Depot  
  16  10:49  Barracks  
  16  10:52  Supply Depot  
  16  11:06  Supply Depot  
  16  11:08  Supply Depot  
  16  11:22  Supply Depot  
  16  11:31  Supply Depot  
  16  11:35  Supply Depot  
  16  11:46  Supply Depot  
  16  11:59  Supply Depot  
  16  12:01  Supply Depot  
  16  12:03  Supply Depot  
  16  12:10  Refinery  
  15  12:32  Supply Depot  
  15  12:38  Supply Depot  
  15  12:41  Supply Depot  
  14  12:58  Supply Depot  
  14  13:05  Marine  
  15  13:18  Supply Depot  
  15  13:22  Supply Depot  
  15  13:45  Supply Depot  
  15  13:48  Supply Depot  
  15  13:57  Refinery  
  15  14:12  Supply Depot  
  15  14:39  Marine  
  16  15:02  Supply Depot  
  16  15:53  Supply Depot  
  16  16:06  Orbital Command  
  16  16:18  Supply Depot  
  16  16:41  Refinery  
  16  16:43  Refinery  
  16  16:46  Supply Depot  
  16  16:48  SCV  
  17  17:10  Supply Depot  
  17  17:15  Marine  
  17  17:18  SCV  
  19  17:33  Marine  
  20  17:49  Supply Depot  
  20  17:50  Supply Depot  
  20  17:53  Supply Depot  
  20  17:59  Factory  
  20  18:16  Supply Depot  
  20  18:39  Marine  
  21  18:45  Supply Depot  
  21  19:00  Supply Depot  
  21  19:03  Starport  
  21  19:10  Supply Depot  
  21  19:26  Supply Depot  
  21  19:36  Supply Depot  
  21  19:56  Supply Depot  
Show
View Real Time Build Order
Export as new Build Order

Servietsky Zerg 

Build Orders: Hatch First 

Get SALT Encoding   

  12  0:13  Drone  
  12  0:14  Drone  
  14  0:21  Overlord  
  14  0:43  Drone x2  
  14  0:47  Drone  
  17  0:58  Hatchery  
  17  0:59  Drone  
  17  1:09  Drone  
  18  1:12  Extractor  
  17  1:19  Drone  
  18  1:26  Spawning Pool  
  18  1:31  Drone  
  18  1:41  Drone  
  19  1:58  Overlord  
  19  2:06  Drone  
  20  2:11  Extractor  
  20  2:13  Drone  
  20  2:18  Drone  
  20  2:21  Drone  
  22  2:26  Queen  
  22  2:28  Roach Warren, Queen  
  25  2:41  Drone  
  26  2:45  Drone  
  26  2:46  Drone x2  
  26  2:48  Drone  
  30  3:01  Drone  
  30  3:02  Spine Crawler  
  30  3:10  Spine Crawler  
  29  3:16  Lair  
  29  3:24  Evolution Chamber  
  29  3:25  Drone x3  
  31  3:29  Overlord x2  
  31  3:38  Overlord  
  31  3:49  Roach x3  
  31  3:50  Roach  
  39  3:56  Roach  
  39  3:57  Roach x2  
  45  4:08  Zerg Missile Weapons Level 1  
  45  4:14  Glial Reconstitution  
  45  4:24  Roach x2  
  45  4:25  Roach x3  
  45  4:30  Roach x2  
  59  4:37  Ravager  
  60  4:44  Overlord x2  
  60  5:06  Roach x3  
  66  5:10  Ravager x2  
  66  5:14  Roach  
  64  5:55  Roach x4  
  64  5:56  Roach x3  
  67  6:20  Ravager x2  
  47  7:27  Ravager  
  47  7:28  Ravager x4  
  43  7:42  Zergling x4  
  43  7:43  Zergling x2  
  41  7:44  Zergling x4  
  41  7:45  Zergling x4  
  41  7:49  Zerg Ground Armor Level 1  
  43  7:56  Extractor  
  38  7:59  Extractor  
  36  8:09  Drone x2  
  38  8:14  Drone  
  39  8:27  Spire  
  38  8:35  Drone  
  39  9:20  Overlord  
  39  9:21  Overlord x3  
  39  9:42  Zerg Missile Weapons Level 2, Corruptor x4  
  39  9:43  Corruptor x2  
  39  9:45  Corruptor x2  
  55  10:01  Baneling Nest  
  54  10:52  Roach x5  
  54  10:53  Roach x4  
  54  10:54  Roach x3  
  78  11:07  Roach x2  
  78  11:08  Roach x4  
  88  11:58  Zerg Ground Armor Level 2  
  76  12:11  Roach x2  
  76  12:12  Roach x5  
  76  12:13  Roach x2  
  94  13:08  Roach x3  
  94  13:11  Roach x2  
  94  13:12  Roach  
  106  13:27  Ravager x2  
  108  13:32  Overlord x2  
  108  13:37  Overlord x2  
  108  14:13  Ravager x2  
  108  14:14  Ravager x3  
  108  14:15  Ravager x5  
  108  14:16  Ravager x6  
  108  14:17  Ravager x4  
  126  14:18  Ravager x2  
  126  14:19  Ravager  
  31  15:48  Overseer x2  
  31  15:50  Overseer  
  31  15:58  Corruptor x2  
  31  15:59  Corruptor  
  37  16:11  Corruptor  
  37  16:18  Corruptor  
  41  16:19  Corruptor  
  43  17:08  Corruptor  
  43  17:09  Corruptor  
  47  17:22  Hatchery  
  46  17:32  Hatchery  
  45  17:40  Corruptor x2  
  33  18:26  Extractor  
  32  18:30  Extractor  
  31  18:36  Drone  
  32  18:45  Drone  
  32  18:47  Drone  
  34  18:56  Drone  
  34  19:00  Drone  
  36  19:07  Drone  
  37  19:10  Drone  
  38  19:45  Drone  
  38  19:46  Drone x2  
Tags
 
Add a new tag
Caveats
  • Supply blocks, unpowered buildings, or Contaminate may cause inaccurate times.
  • Supply counts are checked every 10 seconds.